 Dungeon Crawl Stone Soup version 0.29.1-12-g30fa7ad0bf (webtiles) character file.

Game seed: 214955636632742110

53 mampy3000 the Trooper (level 3, -14/33 HPs)
             Began as a Hill Orc Fighter on Jan 3, 2023.
             Demolished by an ogre
             ... wielding a +0 giant spiked club
              (21 damage)
             ... on level 3 of the Dungeon.
             The game lasted 00:04:00 (1851 turns).

mampy3000 the Trooper (Hill Orc Fighter)            Turns: 1851, Time: 00:04:00

Health: -14/33     AC: 10    Str: 20    XL:     3   Next: 87%
Magic:  3/3        EV:  7    Int:  8    God:
Gold:   65         SH:  4    Dex: 10    Spells: 2/2 levels left

rFire   . . .      SeeInvis .   a - +0 war axe
rCold   . . .      Faith    .   c - +0 buckler
rNeg    . . .      Spirit   .   n - +0 chain mail
rPois   +          Reflect  .   m - +0 helmet
rElec   .          Harm     .   (no cloak)
rCorr   .          Rampage  .   (no gloves)
Will    .....                   (no boots)
Stlth   ..........              (no amulet)
HPRegen 0.11/turn               h - ring of poison resistance
MPRegen 0.08/turn               (no ring)

@: mighty
A: no striking features
a: no special abilities


You were on level 3 of the Dungeon.
You visited 1 branch of the dungeon, and saw 3 of its levels.

You collected 65 gold pieces.

Inventory:

Hand Weapons
 a - a +0 war axe (weapon)
Armour
 b - a +0 scale mail
 c - a +0 buckler (worn)
 m - a +0 helmet (worn)
 n - a +0 chain mail (worn)
Jewellery
 h - a ring of poison resistance (left hand)
Scrolls
 e - 2 scrolls of identify {unknown}
 f - 2 scrolls of amnesia {unknown}
 g - 2 scrolls of butterflies {unknown}
Potions
 d - a potion of might
 i - 2 potions of curing {unknown}
 j - a potion of invisibility {unknown}
 k - a potion of degeneration {unknown}
 l - a potion of magic {unknown}


   Skills:
 + Level 4.1 Fighting
 + Level 3.8 Axes
 + Level 3.8 Armour
 + Level 0.2 Dodging
 + Level 3.6 Shields


You had 2 spell levels left.
You didn't know any spells.
Your spell library was empty.

Dungeon Overview and Level Annotations

Branches:
Dungeon (3/15)

Altars:


Message History

You hit the kobold.
You kill the kobold!
The ball python barely misses you. You block the ball python's attack.
You hit the ball python.
You kill the ball python!
You hit the worm. You block the worm's attack.
You slash the worm!
The worm is severely wounded.
You slash the worm!
You kill the worm!
You start putting on your armour.
You continue putting on your +0 chain mail. x4
You finish putting on your +0 chain mail.
You see here a +0 ring mail.
You now have 65 gold pieces (gained 7).
Found 8 stones.
You open the door.
An ogre comes into view. It is wielding a +0 giant spiked club.
The ogre shouts!
There is an open door here.
You block the ogre's attack.
You slash the ogre!
The ogre is moderately wounded.
The ogre hits you with a +0 giant spiked club!
You hit the ogre.
The ogre is heavily wounded.
The ogre hits you with a +0 giant spiked club!
* * * LOW HITPOINT WARNING * * *
You are too injured to fight recklessly!
You are too injured to fight recklessly!
You are too injured to fight recklessly!
You are too injured to fight recklessly!
You are too injured to fight recklessly!
You are too injured to fight recklessly!
You feel very mighty all of a sudden.
You hit the ogre.
The ogre is severely wounded.
The ogre hits you with a +0 giant spiked club!!
Ouch! That really hurt!
You die...

##.#................##
#.#.....###..........
########.......#
#.##....##.
#....(...#...###
#.##..#.##.
#.#########.##
#.##..#.##. #.#
#.##....##. #.#
#.##.##.##. ##'##
#.##[##.##. #.@.#
#.......##. #..O..#
####....... #.......#
#........
#.........####...#>###
+.........+......)....
#.........####...#<###
##.......## #..#..#
##.....## #.##.## #.
#.#


You could see an ogre.

Vanquished Creatures
  2 adders (D:2)
  A worm (D:3)
  A dart slug (D:2)
  5 endoplasms
  2 goblins (D:2)
  4 hobgoblins
  5 kobolds
  A quokka (D:2)
  4 ball pythons
  A bat (D:2)
  4 frilled lizards
  A rat (D:2)
31 creatures vanquished.

Notes
Turn   | Place    | Note
-------+----------+-------------------------------------------
     0 | D:1      | mampy3000 the Hill Orc Fighter began the quest for the Orb.
     0 | D:1      | Reached XP level 1. HP: 19/19 MP: 1/1
   528 | D:1      | Reached XP level 2. HP: 27/27 MP: 2/2
   636 | D:1      | Found a faded altar of an unknown god.
  1078 | D:2      | Reached skill level 4 in Fighting
  1149 | D:2      | Reached XP level 3. HP: 30/33 MP: 3/3
  1845 | D:3      | Noticed an ogre
  1851 | D:3      | Demolished by an ogre

Illustrated notes

Levels and vault maps discovered:
D:1:      lemuel_arrival_river_ford, layout_basic,
          hellmonk_ecumenical_altar_run_dry
D:2:      layout_loops_ring, st_stairs_2, minmay_quantized
D:3:      layout_loops_corners, kennysheep_jessica_study

Skill      XL: |  1  2 |
---------------+-------+-----
Axes           | 3 |  3.8
Fighting       | 4 |  4.1
Armour         | |  3.8
Dodging        | |  0.2
Shields        | |  3.6

Action                   || total
-------------------------++-------
Melee: War axe           ||    57
  Use: Potion            ||     1
Armor: Scale mail        ||    21
Dodge: Dodged            ||    22
Block: Buckler           ||    11
